 Dungeon Crawl Stone Soup version 0.28-a0-1435-g82390b3a13 (webtiles) character file.

Game seed: 8393231364243541004

9 anonymouscript the Conjurer (level 2, -1/20 HPs)
             Began as a Draconian Conjurer on Jan 9, 2022.
             Succumbed to an adder's poison
             ... on level 1 of the Dungeon.
             The game lasted 00:01:43 (461 turns).

anonymouscript the Conjurer (Draconian Conjurer)     Turns: 461, Time: 00:01:45

Health: -1/20      AC:  4    Str:  9    XL:     2   Next: 6%
Magic:  0/5        EV: 12    Int: 18    God:
Gold:   16         SH:  0    Dex:  9    Spells: 4/5 levels left

rFire   . . .      SeeInvis .   (no weapon)
rCold   . . .      Faith    .   (no shield)
rNeg    . . .      Spirit   .   (armour unavailable)
rPois   .          Reflect  .   (helmet restricted)
rElec   .          Harm     .   (no cloak)
rCorr   .          Rampage  .   (no gloves)
Will    .....                   (no boots)
Stlth   ++........              (no amulet)
HPRegen 0.06/turn               (no ring)
MPRegen 0.09/turn               (no ring)

@: lethally poisoned (-1 -> -9)
A: AC +4, unfitting armour, cold-blooded
a: no special abilities


You were on level 1 of the Dungeon.
You visited 1 branch of the dungeon, and saw 2 of its levels.

You collected 16 gold pieces.

Inventory:

Missiles
 a - 6 stones
Scrolls
 c - a scroll of identify {unknown}
Potions
 b - 3 potions of heal wounds {unknown}


   Skills:
 + Level 1.7 Dodging
 + Level 1.7 Stealth
 + Level 2.1 Spellcasting
 + Level 4.4 Conjurations


You had 4 spell levels left.
You knew the following spells:

 Your Spells              Type           Power      Damage    Failure   Level
a - Magic Dart            Conj           68%        1d6       3%          1

Your spell library contained the following spells:

 Spells                   Type           Power      Damage    Failure   Level
 Searing Ray              Conj           34%        2d5       4%          2
 Conjure Flame            Conj/Fire      9%         6-21      22%         3
 Dazzling Flash           Conj/Hex       18%        N/A       22%         3
 Ignite Poison            Fire/Tmut/Pois 1%         N/A       47%         3
 Fulminant Prism          Conj/Hex       4%         3d6       58%         4
 Iskenderun's Mystic Bla  Conj/Tloc      9%         2d4       58%         4
 Sticky Flame             Conj/Fire      9%         2d3       58%         4


Dungeon Overview and Level Annotations

Branches:
Dungeon (2/15)

Altars:


Innate Abilities, Weirdness & Mutations

Your plain brown scales are hard. (AC +4)
You cannot fit into any form of body armour.
You are cold-blooded and may be slowed by cold attacks.


Message History

The hobgoblin hits you but does no damage.
The adder bites you.
You barely miss the hobgoblin.
The hobgoblin is moderately wounded.
The adder bites you. The hobgoblin hits you.
* * * LOW HITPOINT WARNING * * *
The adder misses you. The hobgoblin misses you. The adder barely misses you.
You climb upwards.
There is a stone staircase leading down here.
You hit the hobgoblin.
The hobgoblin is severely wounded.
The hobgoblin hits you but does no damage.
The adder closely misses you.
You hit the hobgoblin. You tail-slap the hobgoblin.
You kill the hobgoblin!
The adder bites you.
* * * LOW HITPOINT WARNING * * *
Aiming: Magic Dart (safe; 3% risk of failure)
Press: ? - help, Q - select action, (/) - cycle Shift-Dir - straight line, f - adder
Aim: an adder (lightly wounded, 100% to hit)
Okay, then.
The adder closely misses you. The adder closely misses you.
Aiming: Magic Dart (safe; 3% risk of failure)
Press: ? - help, Q - select action, (/) - cycle Shift-Dir - straight line, f - adder
Aim: an adder (lightly wounded, 100% to hit)
The magic dart hits the adder.
The adder is heavily wounded.
The adder misses you. x2
The adder bites you but does no damage. The adder bites you.
* * * LOW HITPOINT WARNING * * *
You are lethally poisoned!
The adder poisons you!
Aiming: Magic Dart (safe; 3% risk of failure)
Press: ? - help, Q - select action, (/) - cycle Shift-Dir - straight line, f/p - adder
Aim: an adder (heavily wounded, 100% to hit)
The magic dart hits the adder.
You kill the adder!
You die...

#.# #.#
#.# #.#
#.# #.#
#.# #@#
#†# #.#
#.## #
#..# #
##.# #
#.# #
#.#######
#
#.......#
#


There were no monsters in sight!

Vanquished Creatures
  An adder (D:1)
  A ball python (D:1)
  2 goblins
  2 hobgoblins (D:1)
  A bat (D:1)
  A frilled lizard (D:1)
  A kobold (D:1)
  A rat (D:1)
10 creatures vanquished.

Notes
Turn   | Place    | Note
-------+----------+-------------------------------------------
     0 | D:1      | anonymouscript the Draconian Conjurer began the quest for
                  | the Orb.
     0 | D:1      | Reached XP level 1. HP: 14/14 MP: 3/3
   435 | D:2      | Reached XP level 2. HP: 20/20 MP: 0/5
   446 | D:1      | HP: 1/20 [adder (4)]
   460 | D:1      | HP: 1/20 [adder (1)]
   461 | D:1      | Succumbed to an adder's poison

Illustrated notes

Levels and vault maps discovered:
D:1:      erik_arrival_orb_chamber, layout_loops_ring,
          ebering_ecumenical_altar_hall
D:2:      layout_rooms, serial_shops, shop_statue, uniq_terence, uniq_robin

Action                   || total
-------------------------++-------
Melee: Unarmed           ||    26
       Tailslap          ||     2
 Cast: Magic Dart        ||    13
Armor: Skin              ||    11
Dodge: Dodged            ||    22

Table legend: (Time is in decaauts)
 A = Elapsed time spent in this place.
 B = Non-inter-level travel time spent in this place.
 C = Inter-level travel time spent in this place.
 D = Time resting spent in this place.
 E = Time spent auto-exploring this place.
 F = Levels seen in this place.
 G = Mean time per level.
                   A        B        C        D        E       F      G
               +--------+--------+--------+--------+--------+-----+--------+
         Total |    461 |    461 |      0 |      0 |    363 |   2 |  230.5 |
       Dungeon |    461 |    461 |      0 |      0 |    363 |   2 |  230.5 |
               +--------+--------+--------+--------+--------+-----+--------+

Top non-repeatable levels by time:
     D:1: 447 daAuts
     D:2: 13 daAuts
